 Dungeon Crawl Stone Soup version 0.31-a0-145-g046c7d2549 (webtiles) character file.

Game seed: 17268610958133199332

32 hikkokomori the Trooper (level 2, 0/26 HPs)
             Began as a Demigod Fighter on June 7, 2023.
             Frozen to death by an endoplasm (3 damage)
             ... on level 2 of the Dungeon.
             The game lasted 00:00:59 (933 turns).

hikkokomori the Trooper (Demigod Fighter)            Turns: 933, Time: 00:00:59

Health: 0/26       AC:  6    Str: 17    XL:     2   Next: 93%
Magic:  5/5        EV:  9    Int: 10    God:
Gold:   45         SH:  4    Dex: 13    Spells: 2/2 levels left

rFire   . . .        h - +0 whip (flame)
rCold   . . .        c - +0 buckler
rNeg    . . .        b - +0 scale mail
rPois   .            (no helmet)
rElec   .            (no cloak)
rCorr   .            (no gloves)
SInv    .            (no boots)
Will    .....        (no amulet) Stlth
                     (no ring)
HPRegen 0.24/turn    (no ring)
MPRegen 0.09/turn

%: no passive effects
@: lethally poisoned (0 -> -5)
A: high MP 1, forlorn, divine attributes
a: no special abilities


You were on level 2 of the Dungeon.
You visited 1 branch of the dungeon, and saw 2 of its levels.

You collected 45 gold pieces.

Inventory:

Hand Weapons
 a - a +0 war axe
 h - a +0 whip of flaming (weapon)
Armour
 b - a +0 scale mail (worn)
 c - a +0 buckler (worn)
Scrolls
 e - a scroll of noise {unknown}
 g - a scroll of torment {unknown}
 i - 2 scrolls of fear {unknown}
 j - 2 scrolls of identify {unknown}
 k - a scroll of blinking {unknown}
 m - a scroll of teleportation {unknown}
 n - a scroll of vulnerability {unknown}
 o - a scroll of summoning {unknown}
Potions
 d - a potion of might
 f - a potion of lignification {unknown}
 l - a potion of heal wounds {unknown}
 p - a potion of ambrosia {unknown}


   Skills:
 + Level 3.1 Fighting
 + Level 2.2 Axes
 - Level 2.6 Armour
 + Level 3.0 Shields
 + Level 0.7 Spellcasting


You had 2 spell levels left.
You didn't know any spells.
Your spell library contained the following spells:

 Spells                   Type           Power      Damage    Failure   Level
 Apportation              Tloc           0%         N/A       83%         1
 Alistair's Intoxication  Tmut/Pois      0%         N/A       100%        5


Dungeon Overview and Level Annotations

Branches:
Dungeon (2/15)


Innate Abilities, Weirdness & Mutations

You have an increased reservoir of magic. (+10% MP)
You shall have no god before yourself.
Your divine heritage dramatically boosts your attributes as you level up.


Message History

You are too injured to fight recklessly!
You are too injured to fight recklessly!
You are too injured to fight recklessly!
You are too injured to fight recklessly!
You are too injured to fight recklessly!
You hit the adder. You burn the adder.
The adder is moderately wounded.
You feel sick. The adder bites you but does no damage.
The endoplasm barely misses you.
You closely miss the adder.
The adder is moderately wounded.
You feel sick. The adder barely misses you. The endoplasm freezes you.
You are frozen.
You barely miss the adder.
The adder is moderately wounded.
You feel sick. The adder barely misses you. The endoplasm closely misses you.
You hit the adder. You burn the adder.
The adder is severely wounded.
You feel sick.
You are no longer poisoned.
The adder closely misses you. The adder barely misses you.
The endoplasm jiggles.
The endoplasm hits you but does no damage.
You closely miss the adder.
The adder is severely wounded.
The adder bites you.
* * * LOW HITPOINT WARNING * * *
The endoplasm freezes you.
You are frozen.
* * * LOW HITPOINT WARNING * * *
You barely miss the adder.
The adder is severely wounded.
The adder bites you.
* * * LOW HITPOINT WARNING * * *
You are lethally poisoned!
The adder poisons you! The endoplasm freezes you.
You are frozen.
You die...

#..####.. # #........
#.#####........
#.#............
...............
#............#.### . #.
#?...JS......^...##
..#..#....@..........<.
.....#............#.(.
..##......###.....#..###
#.............##.......
#......>......# #..†######
#.#.......##..####.........
#........#......<........
..........................
#.............######.......


You could see an adder and an endoplasm.

Vanquished Creatures
  A dart slug (D:1)
  4 ball pythons
  2 bats (D:1)
  4 endoplasms (D:1)
  3 goblins (D:1)
  4 kobolds (D:1)
  2 quokkas
  3 frilled lizards (D:1)
  4 rats
27 creatures vanquished.

Notes
Turn   | Place    | Note
-------+----------+-------------------------------------------
     0 | D:1      | hikkokomori the Demigod Fighter began the quest for the
                  | Orb.
     0 | D:1      | Reached XP level 1. HP: 18/18 MP: 3/3
   452 | D:1      | Reached XP level 2. HP: 25/25 MP: 4/4
   933 | D:2      | Frozen to death by an endoplasm

Illustrated notes

Levels and vault maps discovered:
D:1:      scummos_arrival_forest, layout_basic
D:2:      layout_rooms

Skill      XL: |  1  2 |
---------------+-------+-----
Axes           | 2 |  2.2
Fighting       | 3 |  3.1
Shields        | 3 |  3.0
Armour         | |  2.6
Spellcasting   | |  0.7

Action                     || total
---------------------------++-------
  Melee: War axe           ||    22
         Whip              ||    63
 Armour: Scale mail        ||    41
  Dodge: Dodged            ||    43
  Block: Buckler           ||    23

Table legend: (Time is in decaauts)
 A = Elapsed time spent in this place.
 B = Non-inter-level travel time spent in this place.
 C = Inter-level travel time spent in this place.
 D = Time resting spent in this place.
 E = Time spent auto-exploring this place.
 F = Levels seen in this place.
 G = Mean time per level.
                   A        B        C        D        E       F      G
               +--------+--------+--------+--------+--------+-----+--------+
         Total |    947 |    921 |     26 |      0 |    748 |   2 |  473.5 |
       Dungeon |    947 |    921 |     26 |      0 |    748 |   2 |  473.5 |
               +--------+--------+--------+--------+--------+-----+--------+

Top non-repeatable levels by time:
     D:1: 854 daAuts
     D:2: 92 daAuts
